 Dungeon Crawl Stone Soup version 0.16.2-12-gd0ad4c3 (webtiles) character file.

658 Charly the Cleaver (level 7, -5/60 HPs)
             Began as a Deep Dwarf Gladiator on Aug 12, 2016.
             Slain by an ogre
             ... wielding a +0 giant club
              (21 damage)
             ... on level 5 of the Dungeon.
             The game lasted 00:19:16 (764 turns).

Charly the Cleaver (Deep Dwarf Gladiator)            Turns: 764, Time: 00:19:17

Health: -5/60      AC:  7    Str: 18    XL:     7   Next: 30%
Magic:  6/6        EV:  8    Int:  9    God:
Gold:   9          SH:  0    Dex: 15    Spells: 0 memorised, 6 levels left

rFire  + . .     SeeInvis .     a - +0 war axe
rCold  . . .     Clarity  .     l - -3 chain mail of Qikum {rElec rPois rF+ Regen+ rCorr} (curse)
rNeg   . . .     SustAb   .     (no shield)
rPois  +         Gourm    .     c - +0 helmet (curse)
rElec  +         Spirit   .     n - +0 cloak
rCorr  +         Warding  .     (no gloves)
rMut   .         Stasis   .     (no boots)
MR     +....                    (no amulet)
Stlth  ..........               (no ring)
                                (no ring)

@: non-regenerating, somewhat resistant to hostile enchantments, extremely
unstealthy
A: damage resistance, recharge devices, sense surroundings 1, slow healing 3
a: Device Recharging


You were on level 5 of the Dungeon.
You were not hungry.

You visited 1 branch of the dungeon, and saw 8 of its levels.

You collected 9 gold pieces.

Inventory:

Hand weapons
 a - a +0 war axe (weapon)
Armour
 c - a cursed +0 helmet (worn)
 l - the cursed -3 chain mail of Qikum (worn) {rElec rPois rF+ Regen+ rCorr}
   (You found it on level 6 of the Dungeon)

   It protects you from fire.
   It insulates you from electricity.
   It protects you from poison.
   It increases your rate of regeneration.
   It protects you from acid and corrosion.
   It has a curse placed upon it.
 n - a +0 cloak (worn)
Magical devices
 e - a wand of heal wounds (2)
Scrolls
 b - 2 scrolls of identify {unknown}
Potions
 g - 2 potions of heal wounds {unknown}
 h - a potion of brilliance {unknown}
 i - a potion of beneficial mutation {unknown}
 j - 2 potions of invisibility {unknown}
 k - 2 potions of agility {unknown}
 m - a potion of haste {unknown}
Comestibles
 f - 2 bread rations


   Skills:
 - Level 2.0 Fighting
 + Level 9.1 Axes
 - Level 2.0 Throwing
 - Level 3.4 Dodging


You had 6 spell levels left.
You didn't know any spells.

Dungeon Overview and Level Annotations

Branches:
Dungeon (8/15)
 Temple: D:4-7         Lair: D:8-11

Altars:
Ashenzari
Gozag


Innate Abilities, Weirdness & Mutations

You are resistant to damage.
You can recharge devices by infusing magical energy.
You passively map a small area around you.
You do not heal naturally.


Message History

The ogre hits you with a giant club!
* * * LOW HITPOINT WARNING * * *
Evoke which item? (* to show all) (? for menu, Esc to quit)
Zapping:
e - a wand of heal wounds (3)
Press: ? - help, Shift-Dir - straight line, f - you, p - ogre You feel much better.
This wand has 2 charges left.
The adder bites you but does no damage.
The orc warrior hits you from afar with a glaive!!
An orc comes into view.
An orc comes into view. It is wielding a dagger.
The orc shouts!
The adder bites you but does no damage. The adder bites you.
The orc moves out of view.
Your chain mail of Qikum prevents you from hitting the orc warrior.
You hit the adder.
The adder is heavily wounded.
You hit the ogre.
The ogre is moderately wounded.
You barely miss the orc. The ogre hits you with a giant club!!
You die...

#....##.##
#.#...###
##.....>.###......#
#....##....##...##
> .
,##.#.##.####*...#
# , ... #.#.##.#
...# # * ..o.
#......# . #
#..o#..(#### * ,
..#.#..oS.###.... *
....o.oo@O..$.....
, ..#.##......#....
, # *#.#..#.# *##*
, * .....?#.#
###.##.#.# .*#.# #
# ... , #.# * *. *
*


You could see an orc warrior, an ogre, an orc wizard, an adder and 4 orcs.

Vanquished Creatures
  Menkaure (D:6)
  A hippogriff (D:7)
  2 phantoms (D:8)
  A centaur zombie (D:7)
  2 orc priests
  3 orc wizards
  A worker ant (D:8)
  4 adders
  An adder skeleton (D:4)
  A giant gecko (D:4)
  5 orcs
  2 giant cockroaches
  3 hobgoblins
  2 quokkas
  2 bats (D:7)
  2 goblins
  A kobold (D:3)
34 creatures vanquished.

Notes
Turn   | Place    | Note
--------------------------------------------------------------
     0 | D:1      | Charly, the Deep Dwarf Gladiator, began the quest for the Orb.
     0 | D:1      | Reached XP level 1. HP: 19/19 MP: 1/1
    75 | D:2      | Reached XP level 2. HP: 26/26 MP: 2/2
   144 | D:4      | HP: 1/26 [orc wizard/magic dart (4)]
   149 | D:4      | Reached skill level 4 in Axes
   149 | D:4      | Reached XP level 3. HP: 29/32 MP: 3/3
   165 | D:4      | Reached skill level 5 in Axes
   165 | D:4      | Reached XP level 4. HP: 10/39 MP: 4/4
   180 | D:5      | Entered Level 5 of the Dungeon
   220 | D:5      | Found a shattered altar of Ashenzari.
   269 | D:5      | Found an opulent altar of Gozag.
   310 | D:6      | Noticed Menkaure
   319 | D:6      | Killed Menkaure
   319 | D:6      | Reached skill level 7 in Axes
   319 | D:6      | Reached XP level 5. HP: 18/45 MP: 5/5
   326 | D:6      | Got a twisted chain mail
   337 | D:6      | Identified the cursed -3 chain mail of Qikum {rElec rPois rF+ Regen+ rCorr} (You found it on level 6 of the Dungeon)
   359 | D:7      | Reached XP level 6. HP: 20/52 MP: 6/6
   409 | D:7      | Noticed a hippogriff
   424 | D:7      | Killed a hippogriff
   508 | D:7      | Reached skill level 8 in Axes
   624 | D:8      | Reached XP level 7. HP: 15/60 MP: 7/7
   671 | D:7      | Reached skill level 9 in Axes
   757 | D:5      | Noticed an ogre
   759 | D:5      | Noticed an orc warrior
   764 | D:5      | Slain by an ogre

Action                   |  1- 3 |  4- 6 |  7- 9 || total
-------------------------+-------+-------+-------++-------
Melee: War axe           |    39 |    78 |    31 ||   148
Throw: Throwing net      |     4 |     2 |     1 ||     7
 Abil: Device Recharging |       |       |     1 ||     1
Evoke: Wand              |     1 |     3 |     2 ||     6
  Use: Scroll            |       |     1 |       ||     1
 Stab: Held in net/web   |       |     1 |       ||     1
